 Dungeon Crawl Stone Soup version 0.22-a0-422-g9628fc8 (webtiles) character file.

727 galech the Digger (level 7, 0/51 HPs)
             Began as a Gnoll Wanderer on May 17, 2018.
             Was an Initiate of Okawaru.
             Succumbed to a scorpion's poison
             ... on level 5 of the Dungeon.
             The game lasted 00:17:57 (5735 turns).

galech the Digger (Gnoll Wanderer)                  Turns: 5735, Time: 00:17:58

Health: 0/51       AC:  0    Str: 17    XL:     7   Next: 72%
Magic:  1/15       EV: 13    Int: 16    God:    Okawaru [......]
Gold:   193        SH:  0    Dex: 16    Spells: 5/17 levels left

rFire    . . .     SeeInvis .   b - +1 short sword
rCold    . . .     Gourm    .   (no shield)
rNeg     . . .     Faith    +   d - +1 robe
rPois    .         Spirit   .   (no helmet)
rElec    .         Reflect  .   (no cloak)
rCorr    .         Harm     .   (no gloves)
MR       .....     Rnd*Tele +   (no boots)
Stlth    ++........             h - amulet of faith
HPRegen  0.17/turn              w - ring of teleportation (curse)
MPRegen  0.14/turn              k - +4 ring of strength

@: lethally poisoned (0 -> -8), corroded, very slightly contaminated
A: distributed training, fangs 1, strong nose
a: Renounce Religion


You were on level 5 of the Dungeon.
You worshipped Okawaru.
Okawaru was noncommittal.
You were not hungry.

You visited 2 branches of the dungeon, and saw 6 of its levels.

You collected 193 gold pieces.

Inventory:

Hand Weapons
 b - a +1 short sword (weapon)
 e - a +0 dagger
Missiles
 a - 85 stones (quivered)
Armour
 d - a +1 robe (worn)
Jewellery
 h - an amulet of faith (around neck)
 j - an uncursed ring of protection from fire
 k - a +4 ring of strength (right hand)
 w - a cursed ring of teleportation (left hand)
Scrolls
 c - 2 scrolls of teleportation
 g - a scroll of enchant weapon
 l - 2 scrolls of identify
 o - a scroll of blinking {unknown}
 q - a scroll of immolation
 t - a scroll of magic mapping {unknown}
 u - a scroll of enchant armour
 v - a scroll of fear {unknown}
 x - a scroll of remove curse
Potions
 i - a potion of flight
 p - 2 potions of invisibility
 r - 3 potions of curing
 s - a potion of heal wounds {unknown}
 z - a potion of degeneration {unknown}
Comestibles
 f - 4 rations


   Skills:
 + Level 2.6 Fighting
 + Level 2.6 Short Blades
 + Level 2.6 Long Blades
 + Level 2.6 Axes
 + Level 2.6 Maces & Flails
 + Level 2.6 Polearms
 + Level 2.6 Staves
 + Level 2.6 Slings
 + Level 2.6 Bows
 + Level 2.6 Crossbows
 + Level 5.3 Throwing
 + Level 2.6 Armour
 + Level 2.6 Dodging
 + Level 2.6 Stealth
 + Level 2.6 Shields
 + Level 2.6 Unarmed Combat
 + Level 5.7 Spellcasting
 + Level 4.4 Conjurations
 + Level 2.1 Hexes
 + Level 2.1 Charms
 + Level 2.1 Summonings
 + Level 2.1 Necromancy
 + Level 2.1 Translocations
 + Level 2.1 Transmutations
 + Level 2.1 Fire Magic
 + Level 2.1 Ice Magic
 + Level 2.1 Air Magic
 + Level 5.9 Earth Magic
 + Level 3.0 Poison Magic
 + Level 2.9 Invocations
 + Level 2.6 Evocations


You had 5 spell levels left.
You knew the following spells:

 Your Spells              Type           Power        Failure   Level  Hunger
a - Magic Dart            Conj           ###.         2%          1    None
b - Sandblast             Erth           ###...       1%          1    None
c - Stone Arrow           Conj/Erth      ###...       5%          3    ##.....
d - Swiftness             Chrm/Air       ##......     9%          2    #......
e - Poisonous Vapours     Pois/Air       ##....       8%          2    #......
f - Conjure Flame         Conj/Fire      ###.....     11%         3    ##.....

Your spell library contained the following spells:

 Spells                   Type           Power        Failure   Level  Hunger
 Apportation              Tloc           ##....       6%          1    None
 Slow                     Hex            ##......     9%          2    #......
 Mephitic Cloud           Conj/Pois/Air  ##......     12%         3    ##.....
 Summon Small Mammal      Summ           ##..         6%          1    None
 Blink                    Tloc           N/A          9%          2    #......
 Animate Skeleton         Necr           N/A          6%          1    None
 Call Imp                 Summ           ##......     9%          2    #......
 Confusing Touch          Hex            ##....       6%          1    None


Dungeon Overview and Level Annotations

Branches:
Dungeon (5/15)             Temple (1/1) D:5

Altars:
Cheibriados
Dithmenos
Hepliaklqana
Kikubaaqudgha
Okawaru
Sif Muna
Uskayaw
Vehumet
Wu Jian
The Shining One


Innate Abilities, Weirdness & Mutations

Your experience applies equally to all skills.
You have very sharp teeth.
Your uncanny sense of smell can sniff out nearby items.


Message History

You feel sick. The scorpion stings you.
You puncture the scorpion!
You kill the scorpion!
Okawaru accepts your kill.
You feel sick.
You hit the jelly.
Your hands burn!
* * * LOW HITPOINT WARNING * * *
You bite the jelly.
The jelly is lightly wounded.
You feel sick. The jelly hits you but does no damage.
You hit the jelly. The acid corrodes you!
Your hands burn!
* * * LOW HITPOINT WARNING * * *
You bite the jelly, but do no damage.
The jelly is heavily wounded.
* * * LOW HITPOINT WARNING * * *
You feel sick. The jelly completely misses you.
You hit the jelly.
Your hands burn!
* * * LOW HITPOINT WARNING * * *
The jelly is almost dead.
You die...

............ ##$.........
##....?......
.....###............
.................(.. ..
....#..#.#...[..... <..
......#.##......#.∆ ...#
##...##.##J##.[##
....###....##.##@# #.# .#
.....#.....##..#.###.# .#
.....................## ##.#
..........≈≈.≈≈.......# #..
........≈≈≈≈.≈≈≈≈.....# #.#
......≈≈≈≈≈≈.≈≈≈≈≈≈...###.####
.....≈≈≈≈≈≈≈.≈≈≈≈≈≈≈.........#
.....≈≈≈≈≈≈...≈≈≈≈≈≈.#.......#
.....≈≈≈≈≈≈.>.≈≈≈≈≈≈.#.......#


You could see a jelly.

Vanquished Creatures
  An ogre (D:5)
  A phantom (D:4)
  Blork the orc (D:4)
  A scorpion (D:5)
  2 crimson imps
  A hound (D:4)
  3 orc wizards
  4 worker ants
  4 gnolls
  2 adders
  An ooze (D:1)
  2 worms
  2 dart slugs
  6 leopard geckos
  11 orcs (D:4)
  2 ball pythons
  4 giant cockroaches
  3 goblins
  7 hobgoblins
  5 kobolds
  5 quokkas
  5 bats
  7 frilled lizards
  7 rats
87 creatures vanquished.

Notes
Turn   | Place    | Note
-------+----------+-------------------------------------------
     0 | D:1      | galech the Gnoll Wanderer began the quest for the Orb.
     0 | D:1      | galech set off with: a +0 robe, a +0 dagger, a ration
     0 | D:1      | Reached XP level 1. HP: 13/13 MP: 6/6
     2 | D:1      | Learned a level 1 spell: Magic Dart
   102 | D:1      | Learned a level 1 spell: Sandblast
   245 | D:1      | Reached XP level 2. HP: 9/19 MP: 5/7
   778 | D:1      | Reached skill level 5 in Spellcasting
   778 | D:1      | Reached XP level 3. HP: 19/25 MP: 7/9
  1282 | D:2      | Reached skill level 1 in Invocations
  1717 | D:2      | Learned a level 3 spell: Stone Arrow
  1990 | D:2      | Reached skill level 1 in Fighting
  1990 | D:2      | Reached skill level 1 in Short Blades
  1990 | D:2      | Reached skill level 1 in Long Blades
  1990 | D:2      | Reached skill level 1 in Axes
  1990 | D:2      | Reached skill level 1 in Maces & Flails
  1990 | D:2      | Reached skill level 1 in Polearms
  1990 | D:2      | Reached skill level 1 in Staves
  1990 | D:2      | Reached skill level 1 in Slings
  1990 | D:2      | Reached skill level 1 in Bows
  1990 | D:2      | Reached skill level 1 in Crossbows
  1990 | D:2      | Reached skill level 1 in Armour
  1990 | D:2      | Reached skill level 1 in Dodging
  1990 | D:2      | Reached skill level 1 in Stealth
  1990 | D:2      | Reached skill level 1 in Shields
  1990 | D:2      | Reached skill level 1 in Unarmed Combat
  1990 | D:2      | Reached skill level 1 in Evocations
  1990 | D:2      | Reached XP level 4. HP: 32/32 MP: 3/11
  2134 | D:2      | Found a deep blue altar of Sif Muna.
  2200 | D:2      | Found an ornate altar of the Wu Jian Council.
  2202 | D:2      | Found a shadowy altar of Dithmenos.
  2589 | D:3      | Learned a level 2 spell: Swiftness
  2713 | D:3      | Reached skill level 1 in Hexes
  2713 | D:3      | Reached skill level 1 in Charms
  2713 | D:3      | Reached skill level 1 in Summonings
  2713 | D:3      | Reached skill level 1 in Necromancy
  2713 | D:3      | Reached skill level 1 in Translocations
  2713 | D:3      | Reached skill level 1 in Transmutations
  2713 | D:3      | Reached skill level 1 in Fire Magic
  2713 | D:3      | Reached skill level 1 in Ice Magic
  2713 | D:3      | Reached skill level 1 in Air Magic
  3030 | D:3      | Reached XP level 5. HP: 36/37 MP: 12/12
  3689 | D:4      | Reached XP level 6. HP: 28/44 MP: 4/13
  4506 | D:4      | Noticed a phantom
  4544 | D:4      | Killed a phantom
  4544 | D:4      | Reached skill level 5 in Throwing
  4756 | D:4      | Noticed Blork the orc
  4769 | D:4      | Killed Blork the orc
  4769 | D:4      | Reached XP level 7. HP: 45/50 MP: 8/15
  5010 | D:5      | Entered Level 5 of the Dungeon
  5617 | D:5      | Found a staircase to the Ecumenical Temple.
  5656 | Temple   | Entered the Ecumenical Temple
  5666 | Temple   | Became a worshipper of Warmaster Okawaru
  5670 | Temple   | Learned a level 2 spell: Poisonous Vapours
  5674 | Temple   | Learned a level 3 spell: Conjure Flame
  5735 | D:5      | HP: 1/51 [acid (5)]
  5735 | D:5      | Succumbed to a scorpion's poison

Vault maps used:
D:1:      dpeg_arrival_tiny_d
D:2:      nicolae_overflow_hidden_temple
D:3:      minmay_wonky_spiral, first_ration, minivault_26
D:4:      uniq_blork_the_orc
D:5:      temple_pool_b, lemuel_flamethrower_1
Temple:   dshaligram_water_room_temple

Skill      XL: |  1  2  3  4  5  6  7 |
---------------+----------------------+-----
Poison Magic   | 2 3 |  3.0
Spellcasting   | 5 |  5.7
Invocations    | 1 2 |  2.9
Fighting       | 1 2 |  2.6
Short Blades   | 1 2 |  2.6
Long Blades    | 1 2 |  2.6
Axes           | 1 2 |  2.6
Maces & Flails | 1 2 |  2.6
Polearms       | 1 2 |  2.6
Staves         | 1 2 |  2.6
Slings         | 1 2 |  2.6
Bows           | 1 2 |  2.6
Crossbows      | 1 2 |  2.6
Armour         | 1 2 |  2.6
Dodging        | 1 2 |  2.6
Stealth        | 1 2 |  2.6
Shields        | 1 2 |  2.6
Unarmed Combat | 1 2 |  2.6
Evocations     | 1 2 |  2.6
Hexes          | 1 2 |  2.1
Charms         | 1 2 |  2.1
Summonings     | 1 2 |  2.1
Necromancy     | 1 2 |  2.1
Translocations | 1 2 |  2.1
Transmutations | 1 2 |  2.1
Fire Magic     | 1 2 |  2.1
Ice Magic      | 1 2 |  2.1
Air Magic      | 1 2 |  2.1
Conjurations   | 4 |  4.4
Throwing       | 5 |  5.3
Earth Magic    | |  5.9

Action                   |  1- 3 |  4- 6 |  7- 9 || total
-------------------------+-------+-------+-------++-------
Melee: Dagger            |    32 |     1 |       ||    33
       Bite              |    10 |     7 |    13 ||    30
       Short sword       |    61 |   102 |    96 ||   259
       Punch             |       |     1 |     1 ||     2
 Cast: Magic Dart        |     4 |    72 |     8 ||    84
       Sandblast         |     6 |    14 |     1 ||    21
       Stone Arrow       |     3 |     4 |     9 ||    16
  Use: Scroll            |       |     6 |       ||     6
       Potion            |       |       |     5 ||     5
 Stab: Sleeping          |     3 |     3 |       ||     6
       Distracted        |     1 |       |       ||     1
       Invisible         |       |       |     1 ||     1
  Eat: Chunk             |     3 |     9 |     4 ||    16
Armor: Robe              |    12 |    19 |    19 ||    50
Dodge: Dodged            |    56 |    84 |    54 ||   194

Table legend:
 A = Spawn XP
 B = Non-spawn XP
 C = Spawn XP percentage of total XP
 D = Spawn monster count
 E = Non-spawn monster count
 F = Spawn count percentage of total count
 G = Total turns spent on level
                    A         B        C        D         E        F      G
               +---------+---------+-------+---------+---------+-------+---------
         Total |       0 |    1039 |   0.0 |       0 |      87 |   0.0 |  5735
               +---------+---------+-------+---------+---------+-------+---------
           D:1 |       0 |      47 |   0.0 |       0 |      16 |   0.0 |  1012
           D:2 |       0 |      73 |   0.0 |       0 |      20 |   0.0 |  1476
           D:3 |       0 |      91 |   0.0 |       0 |      18 |   0.0 |   759
           D:4 |       0 |     475 |   0.0 |       0 |      24 |   0.0 |  1860
           D:5 |       0 |     353 |   0.0 |       0 |       9 |   0.0 |   593
               +---------+---------+-------+---------+---------+-------+---------
